 Dungeon Crawl Stone Soup version 0.30-a0-170-g85af917532 (webtiles) character file.

Game seed: 14265512081266442346

40891 qw the Cleaver (level 14, -7/92 HPs)
             Began as a Gargoyle Fighter on Sept 30, 2022.
             Was an Elder of Okawaru.
             Shot with an arrow by Nessos (10 damage)
             ... on level 5 of the Lair of Beasts.
             The game lasted 00:06:40 (15781 turns).

qw the Cleaver (Gargoyle Fighter)                  Turns: 15781, Time: 00:06:41

Health: -7/92      AC: 39    Str: 23    XL:     14   Next: 13%
Magic:  19/21      EV: 10    Int:  6    God:    Okawaru [****..]
Gold:   1211       SH:  7    Dex: 13    Spells: 13/13 levels left

rFire   + . .      SeeInvis +    r - +11 hand axe of the First Olives {freeze, rCorr Int-5 Dex+4}
rCold   + . .      Faith    .    c - +0 buckler
rNeg    + . .      Spirit   .    o - +2 plate armour
rPois   inf        Reflect  .    q - +2 hat "Huwn" {SInv}
rElec   +          Harm     .    f - +2 cloak
rCorr   +          Rampage  .    j - +2 pair of gloves
Will    +....                    (no boots)
Stlth   ..........               (no amulet)
HPRegen 0.25/turn                k - ring of protection from fire
MPRegen 0.17/turn                m - ring of protection from cold

@: heroic, finesse-ful, flying
A: sickness immunity, AC +10, big wings, negative energy resistance 1,
electricity resistance, torment resistance 1, petrification resistance, mutation
resistance 1
a: Renounce Religion, Heroism, Finesse


You were on level 5 of the Lair of Beasts.
You worshipped Okawaru.
Okawaru was greatly pleased with you.
You visited 2 branches of the dungeon, and saw 14 of its levels.

You collected 1211 gold pieces.


Innate Abilities, Weirdness & Mutations

You are immune to sickness and miasma.
Your stone body is resilient. (AC +10)
You are immune to poison.
Your large and strong wings let you fly.
You resist negative energy. (rN+)
You are resistant to electric shocks. (rElec)
You are resistant to unholy torment.
You are immune to petrification.
You are somewhat resistant to further mutation.


   Skills:
 - Level 12.1(17.1) Fighting
 - Level 14.0(19.0) Axes
 - Level 5.0(10.0) Throwing
 + Level 10.8(15.8) Armour
 - Level 3.1(8.1) Dodging
 - Level 7.1(12.1) Shields
 - Level 10.0 Invocations


You had 13 spell levels left.
You didn't know any spells.
Your spell library was empty.

Inventory:

Hand Weapons
 h - a +3 eveningstar
 r - the +11 hand axe of the First Olives (weapon) {freeze, rCorr Int-5 Dex+4}
   (You found it on level 8 of the Dungeon)

   It freezes those it strikes, dealing additional cold damage.
   It can also slow down cold-blooded creatures.
   Int:       It affects your intelligence (-5).
   Dex:       It affects your dexterity (+4).
   rCorr:     It protects you from acid and corrosion.
Missiles
 z - a javelin (quivered)
Armour
 c - a +0 buckler (worn)
 f - a +2 cloak (worn)
 j - a +2 pair of gloves (worn)
 o - a +2 plate armour (worn)
 q - the +2 hat "Huwn" (worn) {SInv}
   (Okawaru gifted it to you on level 2 of the Lair of Beasts)

   SInv:      It lets you see invisible.
 s - a +1 helmet
Jewellery
 k - a ring of protection from fire (left hand)
 m - a ring of protection from cold (right hand)
 t - a ring of protection from cold
 u - a ring of fire
 x - a ring of protection from fire
Scrolls
 a - 10 scrolls of identify
 n - a scroll of brand weapon
 v - a scroll of silence {unknown}
 w - a scroll of enchant weapon {unknown}
 y - a scroll of poison {unknown}
 A - a scroll of fear {unknown}
 B - a scroll of magic mapping {unknown}
Potions
 b - a potion of attraction
 d - 5 potions of might
 g - 3 potions of curing
 i - 2 potions of mutation
 l - 4 potions of lignification

Dungeon Overview and Level Annotations

Branches:
Dungeon (9/15)             Temple (0/1) D:7            Lair (5/5) D:9
  Swamp (0/4) Lair:3       Spider (0/4) Lair:2        Slime (0/5) Lair:5
    Orc: D:9-12

Altars:
Fedhas
Nemelex Xobeh
Okawaru
Ru
Sif Muna
Xom
Zin
Jiyva

Annotations:
D:3 3 runed translucent doors, qw's ghost, amateur GrFi
D:6 1 runed translucent door
D:9 2 transporters, qw's ghost, journeyman GrFi
Lair:1 2 transporters, qw's ghost, journeyman GrFi
Lair:3 1 runed translucent door
Lair:5 Nessos


Message History

Nessos casts a spell.
Nessos blinks!
Nessos wields a +2 longbow of flaming.
It bursts into flame!
Nessos shoots an arrow.
The arrow closely misses you.
Nessos shoots an arrow.
The arrow hits you but does no damage.
Nessos casts a spell.
Nessos blinks!
Nessos pounds the earth with their hooves.
Nessos shoots an arrow.
The arrow hits you! The arrow burns you.
Nessos shoots an arrow.
The arrow hits you but does no damage.
Nessos shoots an arrow.
The arrow completely misses you.
Nessos shoots an arrow.
The arrow misses you.
Nessos casts a spell.
Nessos blinks!
Nessos shoots an arrow.
The arrow hits you. The arrow burns you.
Nessos casts a spell.
Nessos blinks!
15774 ||| DRINKING potion of heal wounds.
You feel much better.
Nessos mumbles some strange words.
Nessos blinks!
Nessos shoots an arrow.
The arrow hits you. The arrow burns you.
Nessos shoots an arrow.
The arrow hits you but does no damage.
Nessos mumbles some strange words.
Nessos blinks!
Nessos shoots an arrow.
The arrow hits you!
Nessos shoots an arrow.
The arrow hits you! The arrow burns you.
Nessos shoots an arrow.
The arrow hits you but does no damage.
Nessos shoots an arrow.
The arrow closely misses you.
Nessos shoots an arrow.
The arrow completely misses you.
You hit Nessos. You freeze Nessos.
Nessos is almost dead.
Nessos unwields a +2 longbow of flaming.
It stops flaming.
Nessos closely misses you. You block Nessos's attack.
You closely miss Nessos.
Nessos is almost dead.
Nessos gestures wildly while chanting.
Nessos blinks!
Nessos mumbles some strange words.
Nessos blinks!
Nessos wields a +2 longbow of flaming.
It bursts into flame!
Nessos shoots an arrow.
The arrow hits you!
You die...

#.....##~.~~~~~~~~~~P~##~~P..~P..
.......#~.~~~~~~~~~~~P##~~~..~~..
#......##..~~~~~~~~~P~##~~..~~..#
........#...~~~~~~~~~~###~^....P#
........#..P~.~~~~~~~~~##.P......
........#.......~.P~~~~~#.~%....#
.........~...~...¤...~..####....#
...........Pc~....~..####......##
...............#@...P.#........#
........................P.....###
..........P.....................#
................................#
..........¤#....................#
................................#
..............................#.#
..............................###
...............................##


You could see Nessos (fast).

Vanquished Creatures
  Snorg (Lair:5)
  2 hydras (Lair:4)
  Urug (Lair:1)
  Sonja (Lair:4)
  A goliath frog (Lair:5)
  2 bog bodies (Lair:3)
  Pikel (D:5)
  3 oklob plants (Lair:1)
  11 elephants
  A torpor snail (Lair:2)
  2 black mambas
  19 cane toads
  A cane toad (shapeshifter) (D:8)
  An unseen horror (D:9)
  7 komodo dragons
  4 polar bears
  A hornet (D:7)
  29 blink frogs
  4 tyrant leeches (Lair:5)
  21 dream sheep
  3 culicivoras (Lair:2)
  17 yaks
  2 wyverns
  3 basilisks
  2 steam dragons
  5 vampire mosquitoes (Lair:5)
  15 water moccasins
  A floating eye (shapeshifter) (D:4)
  3 orc warriors
  2 sky beasts
  2 ogres
  8 wolves
  2 centaurs
  3 phantoms
  2 kobold brigands
  2 gnoll sergeants
  14 bullfrogs
  A wyvern zombie (D:6)
  2 necrophages
  2 scorpions
  5 wights (D:6)
  A wyvern skeleton (D:6)
  12 killer bees
  3 howler monkeys
  4 centaur zombies (D:6)
  7 hounds
  A jelly (D:7)
  4 orc priests
  A bullfrog skeleton (D:6)
  A gnoll bouda (D:8)
  3 iguanas
  4 orc wizards
  2 killer bee zombies (D:6)
  A howler monkey zombie (D:6)
  13 gnolls
  11 adders
  2 shadow imps
  A white imp (D:7)
  4 ufetubi
  2 worms (D:4)
  3 dart slugs
  24 orcs
  7 endoplasms
  4 giant cockroaches
  3 goblins
  12 hobgoblins
  17 kobolds
  4 quokkas
  7 ball pythons
  5 bats (D:1)
  5 frilled lizards
  5 rats
  A spectral hobgoblin (D:2)
383 creatures vanquished.

Vanquished Creatures (others)
  16 fungi
  69 plants
  2 withered plants (D:6)
87 creatures vanquished.

Grand Total: 470 creatures vanquished

Notes
Turn   | Place    | Note
-------+----------+-------------------------------------------
     0 | D:1      | qw the Gargoyle Fighter began the quest for the Orb.
     0 | D:1      | Reached XP level 1. HP: 14/14 MP: 1/1
     0 | D:1      | 0 ||| qw: Version: 0.2-a-12-gaebbb33
     0 | D:1      | 0 ||| qw: Game counter: 1456
     0 | D:1      | 0 ||| qw: Always use a shield: true
     0 | D:1      | 0 ||| qw: God list: Okawaru
     0 | D:1      | 0 ||| qw: Allow faded altars: false
     0 | D:1      | 0 ||| qw: Do Orc after D:15 true
     0 | D:1      | 0 ||| qw: Do second Lair branch before Depths: true
     0 | D:1      | 0 ||| qw: Lair rune preference: random
     0 | D:1      | 0 ||| qw: Plans: Normal, Zot:1-4, God:TSO, Crypt, Tomb,
                  | Pan, Slime:5, Hells, Abyss, Orb
     0 | D:1      | 0 ||| PLANNING D:1-11
    35 | D:1      | Reached skill level 2 in Axes
    74 | D:1      | 74 ||| Stepping ~*~*~tactically~*~*~ (stealth).
    76 | D:1      | 76 ||| Stepping ~*~*~tactically~*~*~ (stealth).
   224 | D:1      | Reached XP level 2. HP: 15/19 MP: 2/2
   307 | D:1      | 307 ||| Stepping ~*~*~tactically~*~*~ (stealth).
   308 | D:1      | 308 ||| Stepping ~*~*~tactically~*~*~ (stealth).
   327 | D:1      | 327 ||| Stepping ~*~*~tactically~*~*~ (stealth).
   328 | D:1      | 328 ||| Stepping ~*~*~tactically~*~*~ (stealth).
   329 | D:1      | 329 ||| Stepping ~*~*~tactically~*~*~ (stealth).
   783 | D:1      | Reached skill level 3 in Axes
   817 | D:1      | Reached XP level 3. HP: 21/23 MP: 3/3
  1066 | D:1      | 1066 ||| READING scroll labelled YVVACKUMYR.
  1487 | D:2      | 1487 ||| Stepping ~*~*~tactically~*~*~ (stealth).
  1492 | D:2      | 1492 ||| Stepping ~*~*~tactically~*~*~ (stealth).
  1849 | D:2      | 1849 ||| Stepping ~*~*~tactically~*~*~ (water).
  1849 | D:2      | Found a faded altar of an unknown god.
  1965 | D:2      | 1965 ||| READING 2 scrolls labelled RUURHAYNWI.
  1969 | D:2      | 1969 ||| DRINKING 2 black potions.
  2024 | D:3      | Reached XP level 4. HP: 27/28 MP: 4/4
  2190 | D:3      | Found a runed translucent gate.
  2190 | D:3      | Found a runed translucent gate.
  2191 | D:3      | Found a runed translucent gate.
  2191 | D:3      | Noticed qw's ghost (amateur GrFi)
  2288 | D:3      | Found a sparkling altar of Nemelex Xobeh.
  2294 | D:3      | Found an iron altar of Okawaru.
  2295 | D:3      | 2295 ||| PLANNING OKAWARU WORSHIP
  2353 | D:3      | 2353 ||| UPGRADING to ring of protection from fire.
  2354 | D:3      | 2354 ||| READING scroll labelled OWOCUH URHU.
  2362 | D:3      | Became a worshipper of Warmaster Okawaru
  2363 | D:3      | 2363 ||| PLANNING D:1-11
  2367 | D:3      | Found a shimmering altar of Xom.
  2410 | D:3      | Reached skill level 4 in Axes
  2510 | D:3      | 2510 ||| READING scroll labelled TIYCWI VOETA.
  2511 | D:3      | 2511 ||| READING 2 scrolls of identify.
  2511 | D:3      | 2511 ||| IDENTIFYING fizzy coppery potion
  2512 | D:3      | 2512 ||| DROPPING potion of berserk rage.
  2556 | D:3      | 2556 ||| STAIRDANCE
  2560 | D:3      | 2560 ||| STAIRDANCE
  2564 | D:3      | 2564 ||| STAIRDANCE
  2568 | D:3      | 2568 ||| STAIRDANCE
  2572 | D:3      | 2572 ||| STAIRDANCE
  2576 | D:3      | 2576 ||| STAIRDANCE
  2580 | D:3      | 2580 ||| STAIRDANCE
  2584 | D:3      | 2584 ||| STAIRDANCE
  2588 | D:3      | 2588 ||| STAIRDANCE
  2592 | D:3      | 2592 ||| STAIRDANCE
  2596 | D:3      | 2596 ||| STAIRDANCE
  2600 | D:3      | 2600 ||| STAIRDANCE
  2604 | D:3      | 2604 ||| STAIRDANCE
  2608 | D:3      | 2608 ||| STAIRDANCE
  2612 | D:3      | 2612 ||| STAIRDANCE
  2616 | D:3      | 2616 ||| STAIRDANCE
  2620 | D:3      | 2620 ||| STAIRDANCE
  2624 | D:3      | 2624 ||| STAIRDANCE
  2628 | D:3      | 2628 ||| STAIRDANCE
  2632 | D:3      | 2632 ||| STAIRDANCE
  2712 | D:4      | 2712 ||| Stepping ~*~*~tactically~*~*~ (stealth).
  2720 | D:4      | Noticed a scorpion
  2726 | D:4      | a scorpion changed into a glowing shapeshifter
  2726 | D:4      | Noticed a glowing shapeshifter (glowing shapeshifter)
  2726 | D:4      | a glowing shapeshifter changed into a steelbarb worm
  2726 | D:4      | Noticed a steelbarb worm (glowing shapeshifter)
  2727 | D:4      | a steelbarb worm changed into a floating eye
  2727 | D:4      | Noticed a floating eye (glowing shapeshifter)
  2729 | D:4      | Killed a floating eye
  2730 | D:4      | Reached skill level 5 in Axes
  2730 | D:4      | Reached XP level 5. HP: 32/32 MP: 5/5
  2769 | D:4      | 2769 ||| Stepping ~*~*~tactically~*~*~ (hiding).
  2795 | D:4      | 2795 ||| Stepping ~*~*~tactically~*~*~ (stealth).
  2816 | D:4      | Reached XP level 6. HP: 37/38 MP: 6/6
  2876 | D:4      | Reached * piety under Okawaru
  2917 | D:4      | Noticed an orc warrior
  3026 | D:4      | Noticed a steam dragon
  3029 | D:4      | 3029 ||| INVOKING Heroism.
  3030 | D:4      | 3030 ||| INVOKING Heroism.
  3035 | D:4      | Reached skill level 1 in Dodging
  3040 | D:4      | 3040 ||| INVOKING Heroism.
  3043 | D:4      | Reached skill level 1 in Invocations
  3048 | D:4      | Killed a steam dragon
  3049 | D:4      | Reached XP level 7. HP: 31/43 MP: 3/8
  3050 | D:4      | 3050 ||| INVOKING Heroism.
  3064 | D:4      | 3064 ||| FLEEEEING.
  3065 | D:4      | 3065 ||| FLEEEEING.
  3066 | D:4      | 3066 ||| FLEEEEING.
  3067 | D:4      | 3067 ||| FLEEEEING.
  3068 | D:4      | 3068 ||| FLEEEEING.
  3071 | D:4      | 3071 ||| FLEEEEING.
  3072 | D:4      | 3072 ||| FLEEEEING.
  3073 | D:4      | 3073 ||| FLEEEEING.
  3074 | D:4      | 3074 ||| FLEEEEING.
  3075 | D:4      | 3075 ||| FLEEEEING.
  3076 | D:4      | 3076 ||| FLEEEEING.
  3080 | D:4      | 3080 ||| FLEEEEING.
  3081 | D:4      | 3081 ||| FLEEEEING.
  3082 | D:4      | 3082 ||| FLEEEEING.
  3083 | D:4      | 3083 ||| FLEEEEING.
  3084 | D:4      | 3084 ||| FLEEEEING.
  3085 | D:4      | 3085 ||| FLEEEEING.
  3086 | D:4      | 3086 ||| FLEEEEING.
  3087 | D:4      | 3087 ||| FLEEEEING.
  3088 | D:4      | 3088 ||| FLEEEEING.
  3089 | D:4      | 3089 ||| FLEEEEING.
  3090 | D:4      | 3090 ||| FLEEEEING.
  3091 | D:4      | 3091 ||| FLEEEEING.
  3092 | D:4      | 3092 ||| FLEEEEING.
  3106 | D:4      | 3106 ||| FLEEEEING.
  3107 | D:4      | 3107 ||| FLEEEEING.
  3109 | D:4      | 3109 ||| FLEEEEING.
  3110 | D:4      | 3110 ||| FLEEEEING.
  3111 | D:4      | 3111 ||| FLEEEEING.
  3112 | D:4      | 3112 ||| FLEEEEING.
  3113 | D:4      | 3113 ||| STAIRDANCE
  3213 | D:3      | 3213 ||| UPGRADING to +0 cloak.
  3218 | D:3      | 3218 ||| DRINKING 2 metallic ruby potions.
  3218 | D:3      | Gained mutation: You are somewhat resistant to further
                  | mutation. [potion of mutation]
  3266 | D:4      | 3266 ||| Stepping ~*~*~tactically~*~*~ (stealth).
  3269 | D:4      | 3269 ||| Stepping ~*~*~tactically~*~*~ (hiding).
  3273 | D:4      | 3273 ||| Stepping ~*~*~tactically~*~*~ (hiding).
  3280 | D:4      | Reached skill level 6 in Axes
  3357 | D:4      | 3357 ||| INVOKING Heroism.
  3364 | D:4      | Reached ** piety under Okawaru
  3365 | D:4      | Reached skill level 3 in Invocations
  3621 | D:4      | 3621 ||| INVOKING Heroism.
  3744 | D:4      | 3744 ||| INVOKING Heroism.
  3841 | D:4      | 3841 ||| UPGRADING to +0 plate armour.
  3851 | D:4      | 3851 ||| DROPPING +0 scale mail.
  3852 | D:4      | 3852 ||| UPGRADING to ring of protection from cold.
  3896 | D:5      | Entered Level 5 of the Dungeon
  3898 | D:5      | 3898 ||| STAIRDANCE
  3937 | D:5      | 3937 ||| Stepping ~*~*~tactically~*~*~ (hiding).
  3947 | D:5      | Reached XP level 8. HP: 36/48 MP: 11/11
  3950 | D:5      | 3950 ||| INVOKING Heroism.
  3952 | D:5      | 3952 ||| Stepping ~*~*~tactically~*~*~ (hiding).
  3966 | D:5      | HP: 8/48 [orc priest/divine providence (12)]
  3967 | D:5      | 3967 ||| READING 2 scrolls of teleportation.
  3968 | D:5      | 3968 ||| DRINKING 4 potions of heal wounds.
  3980 | D:5      | 3980 ||| INVOKING Heroism.
  4135 | D:5      | 4135 ||| INVOKING Heroism.
  4137 | D:5      | 4137 ||| Stepping ~*~*~tactically~*~*~ (hiding).
  4176 | D:5      | 4176 ||| Stepping ~*~*~tactically~*~*~ (hiding).
  4183 | D:5      | 4183 ||| INVOKING Heroism.
  4189 | D:5      | Reached skill level 7 in Axes
  4199 | D:5      | 4199 ||| Stepping ~*~*~tactically~*~*~ (stealth).
  4200 | D:5      | 4200 ||| Stepping ~*~*~tactically~*~*~ (stealth).
  4205 | D:5      | 4205 ||| Stepping ~*~*~tactically~*~*~ (stealth).
  4206 | D:5      | 4206 ||| DROPPING +0 club.
  4391 | D:5      | Noticed Pikel
  4392 | D:5      | 4392 ||| Stepping ~*~*~tactically~*~*~ (stealth).
  4393 | D:5      | 4393 ||| INVOKING Heroism.
  4398 | D:5      | 4398 ||| Stepping ~*~*~tactically~*~*~ (stealth).
  4401 | D:5      | 4401 ||| Stepping ~*~*~tactically~*~*~ (stealth).
  4403 | D:5      | 4403 ||| Stepping ~*~*~tactically~*~*~ (stealth).
  4405 | D:5      | 4405 ||| Stepping ~*~*~tactically~*~*~ (stealth).
  4406 | D:5      | Killed Pikel
  4407 | D:5      | Reached skill level 6 in Fighting
  4412 | D:5      | 4412 ||| Stepping ~*~*~tactically~*~*~ (hiding).
  4434 | D:5      | Reached skill level 1 in Throwing
  4598 | D:5      | 4598 ||| READING scroll labelled JOMANU AGHINO.
  4599 | D:5      | 4599 ||| READING 2 scrolls labelled BUUBRE ZIEKH.
  4600 | D:5      | 4600 ||| READING scroll of enchant armour.
  4600 | D:5      | 4600 ||| ENCHANTING +0 cloak.
  4601 | D:5      | 4601 ||| DRINKING 2 sedimented grey potions.
  4602 | D:5      | 4602 ||| DRINKING 2 viscous red potions.
  4603 | D:5      | 4603 ||| DROPPING potion of flight.
  4604 | D:5      | 4604 ||| DROPPING potion of brilliance.
  4634 | D:6      | 4634 ||| STAIRDANCE
  4637 | D:5      | 4637 ||| INVOKING Heroism.
  4757 | D:6      | Reached XP level 9. HP: 48/56 MP: 12/12
  4757 | D:6      | 4757 ||| STAIRDANCE
  4841 | D:6      | Reached *** piety under Okawaru
  4842 | D:6      | Reached skill level 8 in Axes
  4919 | D:6      | 4919 ||| Stepping ~*~*~tactically~*~*~ (stealth).
  4921 | D:6      | 4921 ||| Stepping ~*~*~tactically~*~*~ (hiding).
  4930 | D:6      | 4930 ||| INVOKING Heroism.
  4939 | D:6      | HP: 14/56 [wight/+0 halberd (11)]
  4940 | D:6      | 4940 ||| READING scroll of teleportation.
  4941 | D:6      | 4941 ||| DRINKING 3 potions of heal wounds.
  4950 | D:6      | 4950 ||| INVOKING Heroism.
  5101 | D:6      | 5101 ||| INVOKING Heroism.
  5111 | D:6      | 5111 ||| Stepping ~*~*~tactically~*~*~ (water).
  5118 | D:6      | Reached skill level 9 in Axes
  5165 | D:6      | 5165 ||| FLEEEEING.
  5166 | D:6      | 5166 ||| FLEEEEING.
  5167 | D:6      | 5167 ||| FLEEEEING.
  5171 | D:6      | 5171 ||| INVOKING Heroism.
  5179 | D:6      | 5179 ||| Stepping ~*~*~tactically~*~*~ (hiding).
  5217 | D:6      | 5217 ||| FLEEEEING.
  5225 | D:6      | 5225 ||| STAIRDANCE
  5327 | D:6      | 5327 ||| Stepping ~*~*~tactically~*~*~ (stealth).
  5487 | D:6      | 5487 ||| READING scroll of enchant armour.
  5487 | D:6      | 5487 ||| ENCHANTING +1 cloak.
  5579 | D:6      | Found a runed translucent door.
  5619 | D:6      | 5619 ||| UPGRADING to +0 pair of gloves.
  5624 | D:6      | 5624 ||| READING scroll labelled VUYPEXU WAEZIH.
  5625 | D:6      | 5625 ||| READING scroll labelled UBEWNO KEGIE.
  5684 | D:6      | 5684 ||| READING 3 scrolls of identify.
  5684 | D:6      | 5684 ||| IDENTIFYING smoky purple potion
  5685 | D:6      | 5685 ||| READING 2 scrolls of identify.
  5685 | D:6      | 5685 ||| IDENTIFYING fizzy inky potion
  5736 | D:7      | Found a staircase to the Ecumenical Temple.
  5750 | D:7      | Reached skill level 6 in Armour
  5855 | D:7      | 5855 ||| Stepping ~*~*~tactically~*~*~ (stealth).
  5863 | D:7      | 5863 ||| Stepping ~*~*~tactically~*~*~ (stealth).
  5888 | D:7      | Reached **** piety under Okawaru
  6014 | D:7      | Reached XP level 10. HP: 60/63 MP: 13/13
  6030 | D:7      | 6030 ||| INVOKING Heroism.
  6188 | D:7      | 6188 ||| Stepping ~*~*~tactically~*~*~ (stealth).
  6233 | D:7      | 6233 ||| INVOKING Heroism.
  6238 | D:7      | Received a gift from Okawaru
  6495 | D:7      | 6495 ||| Stepping ~*~*~tactically~*~*~ (stealth).
  6592 | D:7      | 6592 ||| Stepping ~*~*~tactically~*~*~ (stealth).
  7176 | D:8      | 7176 ||| INVOKING Heroism.
  7203 | D:8      | 7203 ||| READING scroll of enchant armour.
  7203 | D:8      | 7203 ||| ENCHANTING +0 pair of gloves.
  7264 | D:8      | 7264 ||| Stepping ~*~*~tactically~*~*~ (stealth).
  7270 | D:8      | 7270 ||| Stepping ~*~*~tactically~*~*~ (stealth).
  7271 | D:8      | 7271 ||| Stepping ~*~*~tactically~*~*~ (stealth).
  7277 | D:8      | Reached skill level 10 in Axes
  7277 | D:8      | Reached skill level 6 in Invocations
  7371 | D:8      | Found a sacrificial altar of Ru.
  7389 | D:8      | a shapeshifter changed into a cane toad
  7389 | D:8      | Noticed a cane toad (shapeshifter)
  7397 | D:8      | Killed a cane toad
  7591 | D:8      | Identified the +11 hand axe of the First Olives {freeze,
                  | rCorr Int-5 Dex+4}
  7593 | D:8      | 7593 ||| SWAPPING to +11 hand axe of the First Olives
                  | {freeze, rCorr Int-5 Dex+4}.
  7594 | D:8      | 7594 ||| DROPPING +0 war axe of chaos.
  7662 | D:8      | 7662 ||| INVOKING Heroism.
  7794 | D:8      | 7794 ||| DROPPING +3 flail.
  8116 | D:9      | Found a blossoming altar of Fedhas.
  8117 | D:9      | 8117 ||| STAIRDANCE
  8122 | D:9      | 8122 ||| STAIRDANCE
  8129 | D:9      | 8129 ||| STAIRDANCE
  8131 | D:8      | 8131 ||| INVOKING Heroism.
  8160 | D:9      | 8160 ||| STAIRDANCE
  8162 | D:8      | 8162 ||| DRINKING 3 potions of curing.
  8162 | D:8      | 8162 ||| (to cure confusion)
  8218 | D:9      | 8218 ||| READING scroll of enchant armour.
  8218 | D:9      | 8218 ||| ENCHANTING +1 pair of gloves.
  8246 | D:9      | 8246 ||| Stepping ~*~*~tactically~*~*~ (hiding).
  8250 | D:9      | 8250 ||| INVOKING Heroism.
  8269 | D:9      | Reached ***** piety under Okawaru
  8311 | D:9      | 8311 ||| Stepping ~*~*~tactically~*~*~ (hiding).
  8317 | D:9      | 8317 ||| INVOKING Heroism.
  8528 | D:9      | Found a transporter.
  8528 | D:9      | Noticed a two-headed ogre
  8528 | D:9      | Noticed qw's ghost (journeyman GrFi)
  8528 | D:9      | Noticed a two-headed ogre
  8529 | D:9      | Found a transporter.
  8529 | D:9      | Noticed a two-headed ogre
  8531 | D:9      | Noticed a two-headed ogre
  8538 | D:9      | Found a staircase to the Lair.
  8579 | D:9      | Killed an unseen horror
  8621 | D:9      | 8621 ||| Stepping ~*~*~tactically~*~*~ (hiding).
  8646 | D:9      | 8646 ||| Stepping ~*~*~tactically~*~*~ (stealth).
  8801 | D:9      | 8801 ||| PLANNING LAIR
  8801 | D:9      | 8801 ||| READING scroll labelled FOJAVO WOTRAES.
  8802 | D:9      | 8802 ||| READING scroll labelled OTHYCE MEBEI.
  8822 | Lair:1   | Entered Level 1 of the Lair of Beasts
  8822 | Lair:1   | Noticed a torpor snail
  8822 | Lair:1   | Found a transporter.
  8826 | Lair:1   | Noticed a black mamba
  8827 | Lair:1   | Found a transporter.
  8827 | Lair:1   | Noticed qw's ghost (journeyman GrFi)
  8861 | Lair:1   | 8861 ||| INVOKING Heroism.
  8866 | Lair:1   | Reached XP level 11. HP: 68/68 MP: 14/17
  8892 | Lair:1   | 8892 ||| Stepping ~*~*~tactically~*~*~ (stealth).
  8900 | Lair:1   | 8900 ||| Stepping ~*~*~tactically~*~*~ (stealth).
  8904 | Lair:1   | 8904 ||| INVOKING Heroism.
  8986 | Lair:1   | 8986 ||| INVOKING Heroism.
  8993 | Lair:1   | Reached skill level 9 in Invocations
  9033 | Lair:1   | Noticed Urug
  9034 | Lair:1   | 9034 ||| INVOKING Heroism.
  9035 | Lair:1   | 9035 ||| INVOKING Finesse.
  9053 | Lair:1   | Killed Urug
  9158 | Lair:1   | 9158 ||| DROPPING +4 flail.
  9299 | Lair:1   | 9299 ||| INVOKING Heroism.
  9316 | Lair:1   | Reached skill level 3 in Throwing
  9326 | Lair:1   | Found a shimmering blue altar of Sif Muna.
  9351 | Lair:1   | 9351 ||| INVOKING Heroism.
  9405 | Lair:1   | 9405 ||| INVOKING Heroism.
  9485 | Lair:1   | 9485 ||| READING scroll of enchant armour.
  9485 | Lair:1   | 9485 ||| ENCHANTING +0 plate armour.
  9560 | Lair:1   | Noticed an oklob plant
  9560 | Lair:1   | Noticed an oklob plant
  9560 | Lair:1   | Noticed an oklob plant
  9561 | Lair:1   | 9561 ||| INVOKING Heroism.
  9562 | Lair:1   | 9562 ||| INVOKING Finesse.
  9577 | Lair:1   | 9577 ||| READING 3 scrolls of teleportation.
  9577 | Lair:1   | HP: 16/68 [oklob plant/splash of acid (6)]
  9578 | Lair:1   | 9578 ||| DRINKING 4 potions of heal wounds.
  9794 | Lair:1   | 9794 ||| INVOKING Heroism.
  9850 | Lair:1   | 9850 ||| READING scroll of enchant armour.
  9850 | Lair:1   | 9850 ||| ENCHANTING +1 plate armour.
  9903 | Lair:1   | 9903 ||| INVOKING Heroism.
  9904 | Lair:1   | 9904 ||| INVOKING Finesse.
  9920 | Lair:1   | Killed an oklob plant
  9957 | Lair:1   | 9957 ||| INVOKING Heroism.
  9958 | Lair:1   | 9958 ||| INVOKING Finesse.
  9961 | Lair:1   | 9961 ||| READING 2 scrolls of teleportation.
 10198 | Lair:1   | 10198 ||| INVOKING Heroism.
 10221 | Lair:1   | Killed an oklob plant
 10222 | Lair:1   | 10222 ||| INVOKING Finesse.
 10234 | Lair:1   | Killed an oklob plant
 10234 | Lair:1   | Received a gift from Okawaru
 10382 | Lair:2   | You fall into a shaft and drop 1 floor!
 10383 | Lair:3   | 10383 ||| INVOKING Heroism.
 10390 | Lair:3   | Reached skill level 11 in Axes
 10462 | Lair:3   | Received a gift from Okawaru
 10487 | Lair:2   | 10487 ||| INVOKING Heroism.
 10514 | Lair:2   | Reached skill level 9 in Fighting
 10520 | Lair:2   | Reached XP level 12. HP: 66/76 MP: 19/19
 10849 | Lair:2   | 10849 ||| FLEEEEING.
 10850 | Lair:2   | 10850 ||| FLEEEEING.
 10851 | Lair:2   | 10851 ||| FLEEEEING.
 10852 | Lair:2   | 10852 ||| FLEEEEING.
 10853 | Lair:2   | 10853 ||| FLEEEEING.
 10854 | Lair:2   | 10854 ||| FLEEEEING.
 10856 | Lair:2   | 10856 ||| FLEEEEING.
 10857 | Lair:2   | 10857 ||| FLEEEEING.
 10858 | Lair:2   | 10858 ||| FLEEEEING.
 10859 | Lair:2   | 10859 ||| FLEEEEING.
 10866 | Lair:2   | 10866 ||| INVOKING Heroism.
 10873 | Lair:2   | Identified the +2 hat "Huwn" {SInv} (Okawaru gifted it to
                  | you on level 2 of the Lair of Beasts)
 10873 | Lair:2   | Received a gift from Okawaru
 10878 | Lair:2   | Found a glowing silver altar of Zin.
 10912 | Lair:2   | 10912 ||| INVOKING Heroism.
 10913 | Lair:2   | 10913 ||| Stepping ~*~*~tactically~*~*~ (stealth).
 10916 | Lair:2   | 10916 ||| Stepping ~*~*~tactically~*~*~ (stealth).
 10941 | Lair:2   | 10941 ||| Stepping ~*~*~tactically~*~*~ (stealth).
 11023 | Lair:2   | Found a hole to the Spider Nest.
 11024 | Lair:2   | 11024 ||| Stepping ~*~*~tactically~*~*~ (hiding).
 11105 | Lair:2   | 11105 ||| Stepping ~*~*~tactically~*~*~ (stealth).
 11111 | Lair:2   | Reached skill level 12 in Axes
 11119 | Lair:2   | Reached skill level 6 in Shields
 11372 | Lair:2   | 11372 ||| INVOKING Heroism.
 11570 | Lair:2   | 11570 ||| UPGRADING to +2 hat "Huwn" {SInv}.
 11575 | Lair:2   | 11575 ||| DROPPING amulet of faith.
 11595 | Lair:3   | Found a runed translucent door.
 11597 | Lair:3   | 11597 ||| Stepping ~*~*~tactically~*~*~ (stealth).
 11599 | Lair:3   | 11599 ||| Stepping ~*~*~tactically~*~*~ (stealth).
 11719 | Lair:3   | 11719 ||| Stepping ~*~*~tactically~*~*~ (stealth).
 11723 | Lair:3   | 11723 ||| INVOKING Heroism.
 11725 | Lair:3   | Reached skill level 9 in Armour
 11799 | Lair:3   | 11799 ||| Stepping ~*~*~tactically~*~*~ (stealth).
 11813 | Lair:3   | 11813 ||| INVOKING Heroism.
 11848 | Lair:3   | 11848 ||| Stepping ~*~*~tactically~*~*~ (stealth).
 11850 | Lair:3   | 11850 ||| Stepping ~*~*~tactically~*~*~ (stealth).
 11854 | Lair:3   | 11854 ||| Stepping ~*~*~tactically~*~*~ (stealth).
 11869 | Lair:3   | 11869 ||| FLEEEEING.
 11870 | Lair:3   | 11870 ||| FLEEEEING.
 11871 | Lair:3   | 11871 ||| FLEEEEING.
 11872 | Lair:3   | 11872 ||| FLEEEEING.
 11875 | Lair:3   | 11875 ||| FLEEEEING.
 11876 | Lair:3   | 11876 ||| STAIRDANCE
 11950 | Lair:2   | 11950 ||| DROPPING scarf of invisibility.
 11951 | Lair:2   | 11951 ||| READING 9 scrolls of identify.
 11951 | Lair:2   | 11951 ||| IDENTIFYING silvery potion
 11952 | Lair:2   | 11952 ||| DROPPING potion of degeneration.
 12000 | Lair:3   | 12000 ||| INVOKING Heroism.
 12063 | Lair:3   | 12063 ||| Stepping ~*~*~tactically~*~*~ (stealth).
 12064 | Lair:3   | Found a staircase to the Swamp.
 12071 | Lair:3   | Reached XP level 13. HP: 77/82 MP: 20/20
 12280 | Lair:3   | 12280 ||| INVOKING Heroism.
 12286 | Lair:3   | Received a gift from Okawaru
 12295 | Lair:3   | Reached skill level 13 in Axes
 12610 | Lair:3   | 12610 ||| DROPPING +0 pair of gloves of infusion.
 12746 | Lair:4   | Noticed Sonja
 12747 | Lair:4   | 12747 ||| INVOKING Heroism.
 12748 | Lair:4   | 12748 ||| INVOKING Finesse.
 12760 | Lair:4   | Reached skill level 3 in Dodging
 12793 | Lair:4   | 12793 ||| SWAPPING to +3 eveningstar.
 12795 | Lair:4   | Killed Sonja
 12804 | Lair:4   | 12804 ||| SWAPPING to +11 hand axe of the First Olives
                  | {freeze, rCorr Int-5 Dex+4}.
 12970 | Lair:4   | 12970 ||| INVOKING Heroism.
 13158 | Lair:4   | 13158 ||| INVOKING Heroism.
 13159 | Lair:4   | 13159 ||| INVOKING Finesse.
 13161 | Lair:4   | 13161 ||| SWAPPING to +3 eveningstar.
 13168 | Lair:4   | 13168 ||| SWAPPING to +11 hand axe of the First Olives
                  | {freeze, rCorr Int-5 Dex+4}.
 13232 | Lair:4   | 13232 ||| INVOKING Heroism.
 13245 | Lair:4   | 13245 ||| Stepping ~*~*~tactically~*~*~ (hiding).
 13246 | Lair:4   | 13246 ||| Stepping ~*~*~tactically~*~*~ (hiding).
 13344 | Lair:4   | 13344 ||| INVOKING Heroism.
 13799 | Lair:5   | Entered Level 5 of the Lair of Beasts
 13800 | Lair:5   | 13800 ||| INVOKING Heroism.
 13804 | Lair:5   | 13804 ||| STAIRDANCE
 13852 | Lair:5   | 13852 ||| STAIRDANCE
 13860 | Lair:4   | Reached skill level 14 in Axes
 13862 | Lair:5   | 13862 ||| STAIRDANCE
 13870 | Lair:5   | 13870 ||| STAIRDANCE
 13872 | Lair:4   | 13872 ||| INVOKING Heroism.
 13950 | Lair:5   | 13950 ||| INVOKING Heroism.
 14015 | Lair:5   | 14015 ||| INVOKING Heroism.
 14028 | Lair:5   | Received a gift from Okawaru
 14049 | Lair:5   | 14049 ||| INVOKING Heroism.
 14134 | Lair:5   | 14134 ||| FLEEEEING.
 14135 | Lair:5   | 14135 ||| FLEEEEING.
 14136 | Lair:5   | 14136 ||| FLEEEEING.
 14137 | Lair:5   | 14137 ||| FLEEEEING.
 14138 | Lair:5   | 14138 ||| FLEEEEING.
 14139 | Lair:5   | 14139 ||| FLEEEEING.
 14140 | Lair:5   | 14140 ||| FLEEEEING.
 14141 | Lair:5   | 14141 ||| FLEEEEING.
 14142 | Lair:5   | 14142 ||| FLEEEEING.
 14143 | Lair:5   | 14143 ||| FLEEEEING.
 14144 | Lair:5   | 14144 ||| FLEEEEING.
 14145 | Lair:5   | 14145 ||| FLEEEEING.
 14146 | Lair:5   | 14146 ||| FLEEEEING.
 14147 | Lair:5   | 14147 ||| FLEEEEING.
 14148 | Lair:5   | 14148 ||| FLEEEEING.
 14149 | Lair:5   | 14149 ||| FLEEEEING.
 14150 | Lair:5   | 14150 ||| FLEEEEING.
 14151 | Lair:5   | 14151 ||| FLEEEEING.
 14152 | Lair:5   | 14152 ||| FLEEEEING.
 14153 | Lair:5   | 14153 ||| FLEEEEING.
 14154 | Lair:5   | 14154 ||| FLEEEEING.
 14155 | Lair:5   | 14155 ||| FLEEEEING.
 14156 | Lair:5   | 14156 ||| FLEEEEING.
 14157 | Lair:5   | 14157 ||| INVOKING Heroism.
 14243 | Lair:5   | 14243 ||| INVOKING Heroism.
 14297 | Lair:5   | 14297 ||| INVOKING Heroism.
 14298 | Lair:5   | 14298 ||| Stepping ~*~*~tactically~*~*~ (water).
 14309 | Lair:5   | Gained mutation: Your large and strong wings let you fly.
                  | [Gargoyle growth]
 14309 | Lair:5   | Reached XP level 14. HP: 49/91 MP: 19/21
 14379 | Lair:5   | 14379 ||| INVOKING Heroism.
 14386 | Lair:5   | Reached skill level 12 in Fighting
 14409 | Lair:5   | Received a gift from Okawaru
 14569 | Lair:5   | 14569 ||| DROPPING +4 hand axe of electrocution.
 14882 | Lair:5   | Found a staircase to the Slime Pits.
 14885 | Lair:5   | Found a viscous altar of Jiyva.
 14959 | Lair:5   | Noticed Snorg
 14960 | Lair:5   | 14960 ||| INVOKING Heroism.
 14961 | Lair:5   | 14961 ||| INVOKING Finesse.
 14970 | Lair:5   | Killed Snorg
 15109 | Lair:5   | Noticed Nessos
 15110 | Lair:5   | 15110 ||| INVOKING Finesse.
 15125 | Lair:5   | 15125 ||| INVOKING Heroism.
 15136 | Lair:5   | HP: 20/92 [Nessos/arrow (21)]
 15137 | Lair:5   | 15137 ||| READING 2 scrolls of teleportation.
 15137 | Lair:5   | HP: 4/92 [Nessos/arrow (7)]
 15138 | Lair:5   | 15138 ||| DRINKING 4 potions of heal wounds.
 15556 | Lair:5   | 15556 ||| INVOKING Finesse.
 15573 | Lair:5   | 15573 ||| INVOKING Heroism.
 15576 | Lair:5   | HP: 17/92 [Nessos/arrow (16)]
 15576 | Lair:5   | HP: 7/92 [Nessos/arrow (8)]
 15577 | Lair:5   | 15577 ||| READING scroll of teleportation.
 15578 | Lair:5   | 15578 ||| DRINKING 3 potions of heal wounds.
 15742 | Lair:5   | 15742 ||| INVOKING Finesse.
 15760 | Lair:5   | 15760 ||| INVOKING Heroism.
 15766 | Lair:5   | HP: 21/92 [Nessos (6)]
 15767 | Lair:5   | 15767 ||| DRINKING 2 potions of heal wounds.
 15773 | Lair:5   | HP: 20/92 [Nessos/arrow (4)]
 15774 | Lair:5   | 15774 ||| DRINKING potion of heal wounds.
 15776 | Lair:5   | HP: 5/92 [Nessos/arrow (14)]
 15776 | Lair:5   | HP: 2/92 [Nessos/arrow (3)]
 15781 | Lair:5   | Shot with an arrow by Nessos

Levels and vault maps discovered:
D:1:      nzn_arrival_settlement, layout_basic
D:2:      layout_loops_ring, dreamdust_ecumenical_altar_drowned_temple
D:3:      layout_rooms, minmay_overflow_temple_star_quad,
          biasface_ghost_orc_armoury, minmay_box_of_dots
D:4:      minmay_clustersquares, layout_basic
D:5:      layout_cave_pools, uniq_pikel
D:6:      layout_rooms, serial_undead, serial_undead_f, serial_undead_e,
          serial_undead_d, serial_undead_e, serial_undead_e, serial_undead_f,
          minmay_misc_feat_four_crosses, lightli_church_of_beogh
D:7:      layout_loops_cross, minmay_temple_entry_glass
D:8:      layout_basic, nicolae_ru_awakened_eye
D:9:      layout_basic, fedhas_altar_1, lair_entry_dummy, gammafunk_ghost_smash,
          hangedman_decor_push
Lair:1:   dpeg_oklob_gauntlet, layout_chaotic_city, gammafunk_ghost_arena,
          basic_altar, minmay_stone_trees_small, minivault_26, uniq_urug
Lair:2:   layout_regular_city, hellmonk_spider_entry_life_and_decay, basic_altar
Lair:3:   layout_roguey, skrybe_swamp_entry_bodies, serial_rivers,
          chequers_serial_rivers_micro_e, chequers_serial_rivers_micro_d,
          chequers_serial_rivers_marsh, chequers_serial_rivers_micro_b,
          pf_torpor_hydra, serial_bayou_shore_b
Lair:4:   layout_regular_city, nicolae_quartered_pool_little, uniq_sonja
Lair:5:   minmay_lair_end_frog_pond, layout_hall_layers,
          dpeg_slime_entry_corner, uniq_snorg, uniq_nessos

Skill      XL: |  1  2  3  4  5  6  7  8  9 10 11 12 13 14 |
---------------+-------------------------------------------+-----
Axes           | 2 3 5 6 7 9 10 11 12 14 | 14.0
Fighting       | 4 6 7 8 9 10 11 12 | 12.1
Dodging        | 1 2 3 |  3.1
Invocations    | 2 4 8 10 | 10.0
Armour         | 4 6 7 9 10 | 10.8
Throwing       | 1 2 3 4 5 |  5.0
Shields        | 4 5 6 7 |  7.1

Action                   |  1- 3 |  4- 6 |  7- 9 | 10-12 | 13-15 || total
-------------------------+-------+-------+-------+-------+-------++-------
Melee: War axe           |   136 |    83 |   283 |    84 |       ||   586
       Hand axe          |       |       |       |   417 |   286 ||   703
       Eveningstar       |       |       |       |       |    12 ||    12
Throw: Boomerang         |       |       |    62 |    43 |     6 ||   111
       Javelin           |       |       |       |    42 |    19 ||    61
Invok: Heroism           |       |     2 |    14 |    27 |    19 ||    62
       Finesse           |       |       |       |     5 |     6 ||    11
  Use: Scroll            |     2 |     3 |    10 |     9 |     2 ||    26
       Potion            |     1 |       |     5 |     2 |     4 ||    12
 Stab: Paralysed         |       |       |     1 |     2 |       ||     3
       Confused          |       |       |       |     1 |       ||     1
Armor: Scale mail        |    59 |    46 |    21 |       |       ||   126
       Plate armour      |       |       |   163 |   239 |   170 ||   572
Dodge: Dodged            |    54 |    67 |    96 |   109 |   110 ||   436
Block: Buckler           |    28 |    22 |    66 |    87 |    80 ||   283

Table legend:
 A = Non-vault XP
 B = Vault XP
 C = Vault XP percentage of total XP
 D = Non-vault monster count
 E = Vault monster count
 F = Vault count percentage of total count
                 A         B        C        D         E       F
            +---------+---------+-------+---------+---------+-------
      Total |   39995 |   18422 |  31.5 |     303 |      82 |  21.3
            +---------+---------+-------+---------+---------+-------
        D:1 |      42 |       0 |   0.0 |      26 |       0 |   0.0
        D:2 |      37 |       1 |   2.6 |      15 |       1 |   6.2
        D:3 |      14 |      30 |  68.2 |       5 |       4 |  44.4
        D:4 |     592 |     432 |  42.2 |      26 |      16 |  38.1
        D:5 |     576 |     593 |  50.7 |      22 |       1 |   4.3
        D:6 |    1096 |     675 |  38.1 |      15 |      12 |  44.4
        D:7 |    1420 |       0 |   0.0 |      24 |       0 |   0.0
        D:8 |    2051 |       0 |   0.0 |      31 |       0 |   0.0
        D:9 |    1300 |       0 |   0.0 |      18 |       0 |   0.0
     Lair:1 |    4442 |    2382 |  34.9 |      18 |       4 |  18.2
     Lair:2 |    6938 |     672 |   8.8 |      22 |       3 |  12.0
     Lair:3 |    9178 |    1406 |  13.3 |      34 |       2 |   5.6
     Lair:4 |    8684 |     788 |   8.3 |      29 |       1 |   3.3
     Lair:5 |    3625 |   11443 |  75.9 |      18 |      38 |  67.9
            +---------+---------+-------+---------+---------+-------
